 Dungeon Crawl Stone Soup version 0.23-a0-303-gfcac5dec12 (webtiles) character file.

19050 PikkenKukken the Grappler (level 12, -2/114 (115) HPs)
             Began as a Troll Fighter on Oct 8, 2018.
             Was a High Priest of Elyvilon.
             Slain by a soldier ant (3 damage)
             ... on level 11 of the Dungeon.
             The game lasted 00:24:07 (10447 turns).

PikkenKukken the Grappler (Troll Fighter)          Turns: 10447, Time: 00:24:07

HP:   -2/114 (115)  AC:  6    Str: 33    XL:     12   Next: 33%
MP:   15/15         EV:  1    Int:  6    God:    Elyvilon [*****.]
Gold: 715           SH:  0    Dex:  9    Spells: 13/17 levels left

rFire    . . .     SeeInvis .     - Unarmed
rCold    . . .     Gourm    +   b - +1 shield
rNeg     + + +     Faith    +   a - +0 robe
rPois    ∞         Spirit   .   (helmet restricted)
rElec    .         Reflect  .   n - +0 cloak
rCorr    .         Harm     .   (gloves unavailable)
MR       .....     Clarity  +   (boots unavailable)
Stlth    +.........             w - amulet of faith
HPRegen  0.69/turn              H - +6 ring of strength
MPRegen  0.14/turn              r - +3 ring of evasion

@: petrified
A: large, unfitting armour, claws 3, horns 1, clarity, dopey 1, fast metabolism
3, gourmand, regeneration 1, shaggy fur 1, tough skin 2
a: Lesser Healing, Heal Other, Purification, Greater Healing, Divine Vigour,
Divine Protection, Renounce Religion


You were on level 11 of the Dungeon.
You worshipped Elyvilon.
Elyvilon was extremely pleased with you.
You were completely stuffed.

You visited 2 branches of the dungeon, and saw 12 of its levels.
You also visited: Ossuary.

You collected 715 gold pieces.

Inventory:

Missiles
 l - 276 arrows
 F - 9 large rocks (quivered)
Armour
 a - a +0 robe (worn)
 b - a +1 shield (worn)
 n - a +0 cloak (worn)
Jewellery
 j - an uncursed ring of wizardry
 o - an uncursed ring of fire
 q - an uncursed ring of protection from fire
 r - a +3 ring of evasion (right claw)
 w - an amulet of faith (around neck)
 H - a +6 ring of strength (left claw)
 J - an uncursed amulet of harm {unknown}
 K - an uncursed amulet of regeneration {unknown}
 N - an uncursed ring of positive energy
Wands
 y - a wand of digging (15)
 E - a wand of disintegration (14)
 O - a wand of enslavement (17)
Scrolls
 e - 4 scrolls of identify
 f - 6 scrolls of remove curse
 i - 2 scrolls of enchant weapon
 k - 5 scrolls of teleportation
 m - 2 scrolls of enchant armour
 D - a scroll of magic mapping
 I - a scroll of blinking
 L - a scroll of fear
 M - a scroll of amnesia
Potions
 c - 2 potions of might
 g - 4 potions of heal wounds
 h - 3 potions of lignification
 p - a potion of invisibility
 s - 2 potions of ambrosia
 t - 5 potions of flight
 u - 4 potions of brilliance
 v - a potion of agility {unknown}
 x - a potion of magic {unknown}
 z - 4 potions of curing
 A - a potion of mutation
 B - 3 potions of haste
 C - a potion of berserk rage {unknown}
Comestibles
 d - 28 rations
 G - 4 chunks of flesh


   Skills:
 + Level 6.3 Fighting
 + Level 1.2 Armour
 + Level 6.4 Dodging
 + Level 8.1 Shields
 + Level 10.5 Unarmed Combat
 - Level 3.0 Spellcasting
   Level 2.4 Charms
 + Level 5.2 Transmutations
 - Level 6.0 Invocations


You had 13 spell levels left.
You knew the following spells:

 Your Spells              Type           Power        Failure   Level  Hunger
b - Beastly Appendage     Tmut           #.....       5%          1    ##.....
c - Sticks to Snakes      Tmut           #.......     8%          2    ###....
d - Confusing Touch       Hex            #.....       41%         1    ##.....

Your spell library contained the following spells:

 Spells                   Type           Power        Failure   Level  Hunger
 Passwall                 Tmut/Erth      #.......     22%         2    ###....
 Animate Skeleton         Necr           N/A          41%         1    ##.....
 Apportation              Tloc           #.....       41%         1    ##.....
 Freeze                   Ice            #...         41%         1    ##.....
 Sandblast                Erth           #.....       41%         1    ##.....
 Sting                    Conj/Pois      #...         41%         1    ##.....
 Summon Small Mammal      Summ           #...         41%         1    ##.....
 Spider Form              Tmut/Pois      #.........   41%         3    ####...
 Poisonous Vapours        Pois/Air       #.....       54%         2    ###....
 Throw Frost              Conj/Ice       #.....       54%         2    ###....
 Ozocubu's Armour         Chrm/Ice       #.......     63%         3    ####...
 Mephitic Cloud           Conj/Pois/Air  #.......     78%         3    ####...
 Stone Arrow              Conj/Erth      #.....       78%         3    ####...
 Blade Hands              Tmut           #.........   82%         5    ######.
 Ice Form                 Ice/Tmut       #.......     83%         4    #####..
 Petrify                  Tmut/Erth      #.......     83%         4    #####..
 Olgreb's Toxic Radiance  Pois           #.......     99%         4    #####..
 Summon Ice Beast         Ice/Summ       #.......     99%         4    #####..
 Summon Lightning Spire   Summ/Air       #.......     99%         4    #####..
 Throw Icicle             Conj/Ice       #.......     99%         4    #####..
 Lee's Rapid Deconstruct  Erth           #.........   100%        5    ######.
 Silence                  Hex/Air        #.........   100%        5    ######.
 Venom Bolt               Conj/Pois      #.........   100%        5    ######.
 Conjure Ball Lightning   Conj/Air       #.........   100%        6    #######
 Deflect Missiles         Chrm/Air       #.........   100%        6    #######
 Tornado                  Air            #.........   100%        9    #######


Dungeon Overview and Level Annotations

Branches:
Dungeon (11/15)            Temple (1/1) D:4            Lair (0/6) D:11
    Orc: D:9-12

Altars:
Ashenzari
Cheibriados
Dithmenos
Elyvilon
Fedhas
Gozag
Hepliaklqana
Kikubaaqudgha
Makhleb
Nemelex Xobeh
Okawaru
Qazlal
Ru
Sif Muna
Trog
Uskayaw
Vehumet
Wu Jian
Xom
Yredelemnul
Zin
The Shining One

Shops:
D:5 [


Innate Abilities, Weirdness & Mutations

You are too large for most types of armour.
You have claws for hands.
Your metabolism is lightning-fast.
You like to eat raw meat.
Your natural rate of healing is unusually fast.
You are covered in fur. (AC +1)
You have very tough skin. (AC +2)
You have a pair of small horns on your head.
You possess an exceptional clarity of mind.
You are dopey. (Int -2)


Message History

The yak gores you!
The centaur shoots an arrow.
The arrow hits you!
* * * LOW HITPOINT WARNING * * *
A shadow comes into view.
The yak gores you. The basilisk completely misses you.
The centaur shoots an arrow.
The arrow hits you!
* * * LOW HITPOINT WARNING * * *
The yak gores you!
* * * LOW HITPOINT WARNING * * *
The yak gores you!
* * * LOW HITPOINT WARNING * * *
The basilisk bites you!
* * * LOW HITPOINT WARNING * * *
An orc warrior comes into view. It is wielding a glaive.
The yak gores you!
* * * LOW HITPOINT WARNING * * *
The yak gores you.
* * * LOW HITPOINT WARNING * * *
The soldier ant stings you!
You die... ###.#.....## ......##... .. ..# #.#.#.##..####o####..# ........... .#.#.#... . #.#.#.###.. .W..... #.. #.....# .....
Y.. ##...## lc.

.. #...# #a# #######.#
#...###########@###.......#
##.............YYl†........#
...........###...##........#
...............................
...........##....##........##.#
##....###..##..>###..........
..
##.....)÷..................##.
# ##...######.....##########.#
# #...# #......# .#


You could see 2 yaks, 2 basilisks, a soldier ant, an orc warrior, a shadow and a
centaur.

Vanquished Creatures
  2 centaur warriors (D:9)
  3 two-headed ogres
  3 death yaks (D:11)
  A skeletal warrior (D:11)
  A cyclops (D:9)
  Joseph (D:7)
  2 gargoyles
  A freezing wraith (D:9)
  2 trolls (D:9)
  Grinder (D:6)
  2 hippogriffs (D:9)
  A slime creature (D:9)
  A spriggan (D:7)
  A shadow (D:11)
  A vampire (D:11)
  A wyvern (D:10)
  A wraith (D:11)
  14 yaks
  4 hungry ghosts
  Menkaure (D:7)
  A water moccasin (D:7)
  4 ice beasts
  2 sky beasts (D:11)
  5 phantoms
  3 orc warriors
  2 black bears (D:9)
  10 ogres
  An eye of draining (D:11)
  2 necrophages
  7 centaurs
  2 crocodiles
  2 big kobolds
  7 bullfrogs
  2 wyvern zombies (Ossuary)
  2 scorpions (D:4)
  5 killer bees (D:10)
  A wight (D:9)
  8 howler monkeys
  9 crimson imps
  2 bullfrog zombies
  A jelly (D:9)
  2 centaur zombies
  A gnoll shaman (D:6)
  7 hounds
  4 orc priests
  4 bullfrog skeletons
  3 iguanas
  3 centaur skeletons
  8 orc wizards
  Natasha (twice) (D:4)
  8 worker ants
  4 hound zombies
  A hound skeleton (D:9)
  15 mummies
  3 howler monkey zombies
  3 worker ant zombies (Ossuary)
  16 adders
  10 gnolls
  A howler monkey skeleton (D:11)
  2 shadow imps
  An ooze (D:4)
  7 adder zombies (Ossuary)
  2 adder skeletons (D:6)
  A dart slug (D:3)
  4 leopard geckos
  35 orcs
  8 bats
  9 giant cockroaches
  10 goblins
  12 hobgoblins
  12 jackals
  7 quokkas
  A ball python (D:3)
  A ball python skeleton (D:4)
  9 frilled lizards
  A giant cockroach zombie (Ossuary)
  A jackal zombie (Ossuary)
  12 kobolds
  A kobold zombie (D:6)
  A leopard gecko skeleton (D:6)
  A leopard gecko zombie (Ossuary)
  An orc zombie (D:6)
  23 rats
379 creatures vanquished.

Vanquished Creatures (others)
  A yak (D:11)
1 creature vanquished.

Grand Total: 380 creatures vanquished

Notes
Turn   | Place    | Note
-------+----------+-------------------------------------------
     0 | D:1      | PikkenKukken the Troll Fighter began the quest for the Orb.
     0 | D:1      | Reached XP level 1. HP: 22/22 MP: 0/0
   127 | D:1      | Reached XP level 2. HP: 25/29 MP: 1/1
   592 | D:2      | Reached XP level 3. HP: 36/36 MP: 2/2
   750 | D:2      | Reached skill level 3 in Unarmed Combat
   963 | D:2      | Reached XP level 4. HP: 35/44 MP: 3/3
  1786 | D:3      | Found a shattered altar of Ashenzari.
  1800 | D:3      | Reached XP level 5. HP: 53/53 MP: 4/4
  2114 | D:3      | Found a burning altar of Makhleb.
  2118 | D:3      | Reached skill level 4 in Unarmed Combat
  2302 | D:4      | Reached XP level 6. HP: 23/61 MP: 5/5
  2705 | D:4      | Found a shimmering altar of Xom.
  2773 | D:4      | Reached skill level 5 in Unarmed Combat
  2773 | D:4      | Reached XP level 7. HP: 60/68 MP: 6/6
  2790 | D:4      | Found a staircase to the Ecumenical Temple.
  2811 | D:4      | Noticed Natasha
  2816 | D:4      | Killed Natasha
  2822 | Temple   | Entered the Ecumenical Temple
  3147 | D:4      | Noticed Natasha
  3175 | D:4      | Killed Natasha
  3358 | D:4      | Found a white marble altar of Elyvilon.
  3363 | D:4      | Became a worshipper of Elyvilon the Healer
  3599 | D:5      | Entered Level 5 of the Dungeon
  3868 | D:5      | Reached skill level 6 in Unarmed Combat
  3868 | D:5      | Reached skill level 1 in Invocations
  3898 | D:5      | Found Utiaquej's Armour Shoppe.
  3948 | D:5      | Reached XP level 8. HP: 78/78 MP: 7/7
  3974 | D:5      | Reached * piety under Elyvilon
  4189 | D:5      | Found an ornate altar of the Wu Jian Council.
  4503 | D:6      | Found a deep blue altar of Sif Muna.
  4503 | D:6      | Found an ancient bone altar of Kikubaaqudgha.
  4574 | D:6      | Found a sand-covered staircase.
  4605 | Ossuary  | Entered an ossuary
  4691 | Ossuary  | Reached ** piety under Elyvilon
  4888 | Ossuary  | Reached skill level 7 in Unarmed Combat
  5149 | D:6      | Noticed Grinder
  5164 | D:6      | Killed Grinder
  5164 | D:6      | Reached XP level 9. HP: 55/87 MP: 8/10
  5550 | D:6      | Reached skill level 5 in Fighting
  5569 | D:6      | Reached skill level 5 in Dodging
  5569 | D:6      | Reached skill level 5 in Shields
  5755 | D:7      | Reached skill level 8 in Unarmed Combat
  5855 | D:7      | Noticed Menkaure
  5862 | D:7      | Killed Menkaure
  6180 | D:7      | Noticed Joseph
  6194 | D:7      | Killed Joseph
  6437 | D:7      | Reached *** piety under Elyvilon
  6519 | D:7      | Reached XP level 10. HP: 91/97 MP: 12/12
  6882 | D:8      | Noticed a two-headed ogre
  6905 | D:8      | Killed a two-headed ogre
  7000 | D:8      | Learned a level 3 spell: Ozocubu's Armour
  7013 | D:8      | Reached skill level 5 in Invocations
  7209 | D:8      | Reached **** piety under Elyvilon
  7605 | D:9      | Reached skill level 1 in Charms
  7610 | D:9      | Reached skill level 1 in Spellcasting
  7775 | D:9      | Noticed a two-headed ogre
  7793 | D:9      | Killed a two-headed ogre
  8024 | D:9      | Gained mutation: You are dopey. (Int -2) [potion of
                  | mutation]
  8024 | D:9      | Gained mutation: You have a pair of small horns on your
                  | head. [potion of mutation]
  8024 | D:9      | Gained mutation: You possess an exceptional clarity of
                  | mind. [potion of mutation]
  8119 | D:9      | Learned a level 1 spell: Beastly Appendage
  8122 | D:9      | Learned a level 2 spell: Sticks to Snakes
  8159 | D:9      | Noticed a gargoyle
  8159 | D:9      | Noticed a centaur warrior
  8162 | D:9      | Noticed a cyclops
  8163 | D:9      | Killed a gargoyle
  8163 | D:9      | Reached XP level 11. HP: 71/104 MP: 14/14
  8163 | D:9      | Noticed a centaur warrior
  8170 | D:9      | Killed a centaur warrior
  8170 | D:9      | Reached skill level 1 in Transmutations
  8187 | D:9      | Killed a centaur warrior
  8431 | D:9      | Noticed a two-headed ogre
  8438 | D:9      | Killed a two-headed ogre
  8466 | D:9      | Reached skill level 9 in Unarmed Combat
  8703 | D:10     | Entered Level 10 of the Dungeon
  9084 | D:10     | Learned a level 1 spell: Confusing Touch
  9668 | D:11     | Noticed a death yak
  9687 | D:11     | Killed a death yak
  9739 | D:11     | Noticed a death yak
  9750 | D:11     | Killed a death yak
  9750 | D:11     | Reached skill level 10 in Unarmed Combat
  9750 | D:11     | Noticed a death yak
  9885 | D:11     | Reached XP level 12. HP: 95/113 MP: 15/15
  9938 | D:11     | Killed a death yak
 10070 | D:11     | Found a staircase to the Lair.
 10128 | D:11     | Reached skill level 5 in Transmutations
 10399 | D:11     | Reached ***** piety under Elyvilon
 10404 | D:11     | Reached skill level 1 in Armour
 10446 | D:11     | HP: 4/114 [yak (7)]
 10447 | D:11     | HP: 1/114 [yak (3)]
 10447 | D:11     | Slain by a soldier ant

Vault maps used:
D:1:      sevenhm_arrival_forest_fort_small_3
D:3:      makhleb_grotto_becter, lemuel_doored_altar
D:4:      marbit_many_paths, kennysheep_mini, minmay_temple_entry_nine_rooms,
          corexii_checkpoint_b, minmay_rat_hole, uniq_natasha
D:5:      lemuel_round_altar, serial_shops, shop, first_ration
D:6:      gammafunk_temple_overflow_pools, nicolae_ossuary_entry_giza,
          serial_glass, glass_columns_a, glass_columns_b, uniq_grinder
D:7:      the_bakery, uniq_joseph, uniq_menkaure
D:8:      minivault_14, abandoned_shop, nicolae_wwwww
D:9:      minmay_the_grid_triangle_9x9_rhombus_full
D:11:     dpeg_lair_monsters, onia_ninara_cookie
Temple:   regret_index_temple_generic_petals
Ossuary:  ossuary_zaba_flooded

Skill      XL: |  1  2  3  4  5  6  7  8  9 10 11 12 |
---------------+-------------------------------------+-----
Unarmed Combat | 3 4 5 6 7 8 10 | 10.5
Fighting       | 3 4 5 6 |  6.3
Dodging        | 3 4 5 6 |  6.4
Shields        | 3 4 5 7 8 |  8.1
Invocations    | 1 2 4 6 |  6.0
Charms         | 2 |  2.4
Spellcasting   | 2 3 |  3.0
Transmutations | 4 5 |  5.2
Armour         | 1 |  1.2

Action                   |  1- 3 |  4- 6 |  7- 9 | 10-12 || total
-------------------------+-------+-------+-------+-------++-------
Melee: Unarmed           |   113 |   256 |   533 |   550 ||  1452
       Headbutt          |       |       |       |    79 ||    79
       Kick              |       |       |       |    14 ||    14
 Cast: Beastly Appendage |       |       |       |     6 ||     6
Invok: Greater Healing   |       |       |       |     3 ||     3
  Use: Scroll            |     7 |     1 |    10 |     4 ||    22
       Potion            |       |       |       |     3 ||     3
 Stab: Sleeping          |     2 |       |       |     1 ||     3
       Distracted        |       |       |     2 |       ||     2
  Eat: Chunk             |    14 |    18 |    35 |    48 ||   115
Armor: Robe              |    28 |    74 |    69 |    69 ||   240
Dodge: Dodged            |    28 |    84 |   177 |   208 ||   497
Block: Shield            |    45 |   119 |   218 |   277 ||   659

Table legend:
 A = Non-vault XP
 B = Vault XP
 C = Vault XP percentage of total XP
 D = Non-vault monster count
 E = Vault monster count
 F = Vault count percentage of total count
                 A         B        C        D         E       F
            +---------+---------+-------+---------+---------+-------
      Total |   15567 |   11648 |  42.8 |     278 |     102 |  26.8
            +---------+---------+-------+---------+---------+-------
        D:1 |      32 |       0 |   0.0 |      18 |       0 |   0.0
        D:2 |     101 |       0 |   0.0 |      27 |       0 |   0.0
        D:3 |     135 |      50 |  27.0 |      34 |       1 |   2.9
        D:4 |     702 |     133 |  15.9 |      26 |      23 |  46.9
        D:5 |     462 |       0 |   0.0 |      15 |       0 |   0.0
        D:6 |     731 |     292 |  28.5 |      18 |       4 |  18.2
        D:7 |    1304 |     873 |  40.1 |      25 |       3 |  10.7
        D:8 |    1390 |       0 |   0.0 |      16 |       0 |   0.0
        D:9 |    5176 |    5232 |  50.3 |      36 |      24 |  40.0
       D:10 |    1950 |       0 |   0.0 |      32 |       0 |   0.0
       D:11 |    3584 |    4331 |  54.7 |      31 |      11 |  26.2
    Ossuary |       0 |     737 | 100.0 |       0 |      36 | 100.0
            +---------+---------+-------+---------+---------+-------
